 Dungeon Crawl Stone Soup version 0.22-a0-605-g9281fa2 (webtiles) character file.

51 Hebeh the Firebug (level 3, 0/19 HPs)
             Began as a Deep Elf Fire Elementalist on July 8, 2018.
             Hit by a stone thrown by a goblin (1 damage)
             ... on level 2 of the Dungeon.
             The game lasted 00:05:47 (1611 turns).

Hebeh the Firebug (Deep Elf Fire Elementalist)      Turns: 1611, Time: 00:05:48

Health: 0/19       AC:  2    Str:  5    XL:     3   Next: 58%
Magic:  4/10       EV: 13    Int: 20    God:
Gold:   35         SH:  0    Dex: 15    Spells: 3/9 levels left

rFire    . . .     SeeInvis .   m - +0 dagger
rCold    . . .     Gourm    .   (no shield)
rNeg     . . .     Faith    .   a - +0 robe
rPois    .         Spirit   .   (no helmet)
rElec    .         Reflect  .   (no cloak)
rCorr    .         Harm     .   (no gloves)
MR       .....                  (no boots)
Stlth    ++........             (no amulet)
HPRegen  0.06/turn              (no ring)
MPRegen  0.12/turn              (no ring)

@: no status effects
A: no striking features
a: no special abilities


You were on level 2 of the Dungeon.
You were not hungry.

You visited 1 branch of the dungeon, and saw 2 of its levels.

You collected 35 gold pieces.

Inventory:

Hand Weapons
 m - a +0 dagger (weapon)
Missiles
 n - 15 stones (quivered)
Armour
 a - a +0 robe (worn)
Jewellery
 b - a +2 ring of intelligence {unknown}
Scrolls
 d - a scroll of random uselessness {unknown}
 e - a scroll of remove curse {unknown}
 f - 2 scrolls of fog {unknown}
 g - a scroll of teleportation {unknown}
 o - a scroll of enchant weapon {unknown}
Potions
 h - a potion of magic {unknown}
 i - a potion of curing {unknown}
 j - a potion of haste {unknown}
 l - a potion of mutation {unknown}
Comestibles
 c - 3 rations
 k - a chunk of flesh


   Skills:
 - Level 2.4 Dodging
 + Level 3.1 Stealth
 * Level 3.8 Spellcasting
 * Level 2.2 Conjurations
 * Level 3.8 Fire Magic


You had 3 spell levels left.
You knew the following spells:

 Your Spells              Type           Power        Failure   Level  Hunger
a - Flame Tongue          Conj/Fire      ###..        3%          1    None
b - Throw Flame           Conj/Fire      ###...       5%          2    ##.....
c - Conjure Flame         Conj/Fire      ###.....     11%         3    ###....

Your spell library contained the following spells:

 Spells                   Type           Power        Failure   Level  Hunger
 Fireball                 Conj/Fire      ###.......   71%         5    ######.
 Sticky Flame             Conj/Fire      ###.....     36%         4    ####...
 Inner Flame              Hex/Fire       ##......     19%         3    ###....


Dungeon Overview and Level Annotations

Branches:
Dungeon (2/15)

Altars:


Message History

The goblin throws a stone.
The stone hits you but does no damage.
You see here 2 stones.
Your magical contamination has completely faded away.
There is an open door here.
You close the door.
A goblin opens the door.
The goblin throws a stone.
The stone closely misses you.
The goblin throws a stone.
The stone closely misses you.
You see here a stone.
The goblin throws a stone.
The stone barely misses you.
The goblin throws a stone.
The stone hits you.
* * * LOW HITPOINT WARNING * * *
You see here a stone.
The goblin throws a stone.
The stone barely misses you.
You see here a stone.
Casting: Flame Tongue (safe; 3% risk of failure)
Confirm with . or Enter, or press ? or * to list all spells.
You can't see any susceptible monsters within range! (Use Z to cast anyway.)
The goblin throws a stone.
The stone hits you.
You die...

#..........
#........†. #####
#.......# ...#
#.##
#######.######..#
........g..(###g##
#######.###.# #..#
#.# #.# ##(## #@#
#.# #..# #(# #.#
##(# #(# #.# #.#
#.###'#####.##
#.........g..#
#.#........#.##
#.#........#..#
#.#........##.#
#..<.......##.##


You could see a goblin.

Vanquished Creatures
  An adder (D:2)
  2 worms (D:2)
  4 dart slugs
  A leopard gecko (D:1)
  A giant cockroach (D:1)
  6 hobgoblins
  6 bats
  A frilled lizard (D:1)
  2 kobolds (D:1)
  7 rats
31 creatures vanquished.

Notes
Turn   | Place    | Note
-------+----------+-------------------------------------------
     0 | D:1      | Hebeh the Deep Elf Fire Elementalist began the quest for the Orb.
     0 | D:1      | Reached XP level 1. HP: 10/10 MP: 6/6
   125 | D:1      | Reached XP level 2. HP: 15/15 MP: 5/8
  1155 | D:1      | Reached XP level 3. HP: 19/19 MP: 8/10
  1254 | D:1      | Learned a level 2 spell: Throw Flame
  1258 | D:1      | Learned a level 3 spell: Conjure Flame
  1611 | D:2      | Hit by a stone thrown by a goblin

Vault maps used:
D:1:      minmay_arrival_five_plusses
D:2:      ashenzari_altar_1, gammafunk_temple_overflow_arena,
          lightli_temple_of_fire, gammafunk_temple_overflow_wave,
          corexii_leaking_fountain, skrybe_limestone_x, uniq_natasha,
          uniq_jessica

Skill      XL: |  1  2  3 |
---------------+----------+-----
Conjurations   | 2 |  2.2
Stealth        | 3 |  3.1
Dodging        | |  2.4
Spellcasting   | |  3.8
Fire Magic     | |  3.8

Action                   || total
-------------------------++-------
Melee: Dagger            ||    10
 Cast: Flame Tongue      ||    48
       Throw Flame       ||     7
  Eat: Chunk             ||     2
Armor: Robe              ||     1
Dodge: Dodged            ||    24

Table legend:
 A = Spawn XP
 B = Non-spawn XP
 C = Spawn XP percentage of total XP
 D = Spawn monster count
 E = Non-spawn monster count
 F = Spawn count percentage of total count
 G = Total turns spent on level
                    A         B        C        D         E        F      G
               +---------+---------+-------+---------+---------+-------+---------
         Total |       0 |      74 |   0.0 |       0 |      31 |   0.0 |  1611
               +---------+---------+-------+---------+---------+-------+---------
           D:1 |       0 |      42 |   0.0 |       0 |      24 |   0.0 |  1361
           D:2 |       0 |      32 |   0.0 |       0 |       7 |   0.0 |   250
               +---------+---------+-------+---------+---------+-------+---------
